Map: Ley Lines

Players

Gemini

  • Race: Protoss Protoss
  • League: Grandmaster
  • Spawn Location: 7:00

A.I. 1 (Very Easy) - Winner!

  • Race: Zerg Zerg
  • Spawn Location: 1:00

VOD

Have the link to the VOD?

Description

Time

  • Played on: Jan. 30, 2025, 9:21 p.m.
  • Length: 10:12
Show
View Real Time Build Order
Export as new Build Order

Gemini Protoss 

Build Orders: 1 Gate Expand, Oracle Opening, Archon Immortal 

Get SALT Encoding   

  12  0:00  Probe  
  13  0:12  Probe  
  14  0:17  Pylon  
  14  0:24  Probe  
  15  0:32  Probe  
  15  0:38  Gateway  
  15  0:40  Probe  
  16  0:47  Assimilator  
  17  0:51  Probe  
  18  1:03  Probe  
  19  1:20  Nexus  
  19  1:23  Probe  
  20  1:35  Cybernetics Core  
  20  1:37  Probe  
  21  1:45  Assimilator  
  21  1:49  Probe  
  21  1:52  Pylon  
  22  1:59  Probe  
  22  2:01  Adept  
  22  2:07  Probe  
  23  2:11  Warp Gate  
  26  2:15  Probe  
  27  2:27  Probe  
  27  2:29  Stargate  
  28  2:30  Probe  
  28  2:34  Stalker  
  29  2:38  Probe  
  29  2:40  Probe  
  33  2:48  Probe  
  34  2:52  Probe  
  35  3:00  Probe  
  35  3:02  Oracle  
  35  3:04  Probe  
  37  3:05  Adept  
  37  3:12  Probe  
  43  3:16  Probe, Pylon  
  44  3:22  Gateway  
  44  3:24  Probe  
  45  3:28  Probe  
  45  3:29  Oracle  
  46  3:36  Probe  
  46  3:38  Pylon  
  46  3:40  Probe  
  51  3:48  Probe  
  51  3:52  Probe  
  53  3:57  Nexus  
  53  4:00  Pylon  
  53  4:01  Probe  
  54  4:04  Probe  
  55  4:11  Assimilator  
  55  4:12  Assimilator  
  55  4:21  Probe x2  
  55  4:22  Shield Battery  
  57  4:30  Twilight Council  
  57  4:31  Forge  
  57  4:33  Probe x2, Pylon  
  57  4:36  Protoss Ground Weapons Level 1  
  59  4:45  Probe  
  59  4:46  Probe  
  59  4:50  Gateway, Charge  
  59  4:52  Gateway  
  61  4:53  Gateway  
  61  4:56  Gateway  
  61  4:59  Probe x2  
  63  5:04  Zealot x2  
  67  5:11  Probe  
  68  5:15  Templar Archives  
  68  5:17  Probe  
  68  5:18  Probe  
  70  5:23  Probe  
  71  5:29  Probe  
  71  5:30  Probe, Gateway  
  71  5:33  Gateway  
  74  5:35  Probe  
  74  5:41  Probe  
  74  5:42  Probe  
  76  5:47  Probe, Pylon  
  77  5:53  Probe, High Templar x2  
  77  5:54  Probe, High Templar x2  
  77  5:55  Zealot x2  
  91  6:00  Archon x2  
  91  6:01  Pylon  
  91  6:04  Robotics Facility  
  91  6:06  Assimilator x2  
  91  6:08  Pylon  
  91  6:13  Probe x3  
  91  6:17  Zealot x2  
  99  6:25  Probe x2  
  99  6:26  Zealot x4  
  99  6:29  Zealot x2  
  112  6:40  Pylon  
  112  6:41  Pylon  
  112  6:47  Protoss Ground Weapons Level 2  
  112  6:49  Immortal  
  112  6:52  Psionic Storm  
  112  6:53  Probe  
  112  6:54  Probe x2  
  115  6:59  Photon Cannon  
  115  7:01  Photon Cannon  
  115  7:09  Nexus  
  115  7:10  Pylon, High Templar x3  
  121  7:20  Pylon  
  121  7:21  High Templar  
  123  7:28  Observer  
  118  7:31  Photon Cannon  
  118  7:33  Photon Cannon  
  118  7:35  Photon Cannon  
  116  7:37  Photon Cannon, Zealot x2, Sentry  
  116  7:38  Zealot  
  116  7:40  Shield Battery  
  124  7:46  Immortal  
  124  7:47  Robotics Facility  
  128  7:56  Assimilator  
  128  7:58  Assimilator  
  128  7:59  Photon Cannon  
  128  8:02  High Templar x2  
  128  8:03  Zealot x4  
  128  8:04  Zealot  
  142  8:07  Pylon  
  142  8:10  Pylon  
  142  8:11  Pylon  
  142  8:18  Probe  
  142  8:19  Probe x2  
  145  8:20  Immortal, Archon  
  145  8:33  Immortal, Probe  
  150  8:42  Pylon  
  150  8:43  Pylon  
  150  8:47  High Templar x2  
  158  8:49  Zealot x4  
  158  8:52  Archon  
  166  8:57  Immortal  
  170  9:03  Stargate  
  170  9:04  Stargate  
  170  9:06  Fleet Beacon  
  170  9:28  Immortal  
  178  9:47  Nexus  
  178  9:48  Pylon  
  178  9:50  Pylon  
  184  9:57  Assimilator  
  190  10:02  Assimilator  
Show
View Real Time Build Order
Export as new Build Order

A.I. 1 (Very Easy) Zerg - Winner!

Build Orders: Hatch First 

Get SALT Encoding   

  12  0:01  Drone  
  13  0:12  Overlord  
  13  0:16  Drone  
  14  0:41  Hatchery  
  13  0:44  Drone  
  14  1:02  Spawning Pool  
  13  1:04  Extractor  
  13  1:07  Drone  
  13  1:14  Drone  
  14  1:19  Overlord  
  14  1:50  Zergling x2, Queen  
  14  1:52  Zergling x2  
  18  2:02  Roach Warren  
  18  2:06  Drone  
  18  2:10  Extractor  
  18  2:14  Drone  
  18  2:19  Zergling x2  
  19  2:24  Drone  
  20  2:31  Drone  
  21  2:38  Drone  
  22  2:45  Drone  
  23  2:53  Drone  
  24  3:00  Drone  
  24  3:02  Lair  
  25  3:07  Drone  
  26  3:32  Drone  
  27  3:39  Drone  
  28  3:42  Overlord  
  28  3:46  Drone  
  29  3:54  Drone  
  30  4:01  Drone  
  31  4:04  Spire  
  31  4:05  Overseer  
  31  4:08  Drone  
  29  4:12  Overseer  
  29  4:15  Drone  
  30  4:22  Drone  
  31  4:29  Drone  
  32  4:37  Drone, Overlord  
  32  4:38  Extractor  
  32  4:44  Drone  
  33  4:51  Drone  
  34  4:58  Drone  
  33  5:05  Drone  
  34  5:13  Drone  
  35  5:17  Mutalisk  
  35  5:20  Extractor, Drone  
  37  5:27  Drone  
  38  5:34  Drone  
  39  5:41  Drone  
  40  5:48  Drone  
  41  5:56  Drone  
  42  5:59  Mutalisk  
  42  6:03  Drone  
  45  6:04  Overlord  
  45  6:10  Overseer  
  45  6:23  Drone, Overlord  
  46  6:30  Drone  
  47  6:37  Drone  
  48  6:45  Drone  
  49  6:52  Drone  
  47  6:59  Drone  
  45  7:06  Drone  
  46  7:13  Drone  
  46  7:14  Zergling x2, Queen  
  48  7:15  Overlord  
  48  7:21  Drone  
  42  7:28  Drone  
  35  7:35  Drone  
  35  7:42  Zergling x2, Drone  
  37  7:49  Drone  
  38  7:56  Drone  
  39  8:04  Drone  
  40  8:11  Drone, Roach  
  43  8:18  Drone  
  44  8:25  Drone  
  45  8:32  Drone  
  46  8:40  Drone  
  47  8:47  Drone  
  48  8:54  Drone  
  49  9:01  Drone  
  50  9:08  Drone  
Tags
 
Add a new tag
Caveats
  • Supply blocks, unpowered buildings, or Contaminate may cause inaccurate times.
  • Supply counts are checked every 10 seconds.